 Dungeon Crawl Stone Soup version 0.24.1 (webtiles) character file.

Game seed: 7695689678165161078, levelgen mode: deterministic

140 Destapler the Skirmisher (level 5, -2/47 HPs)
             Began as a Minotaur Berserker on Apr 6, 2020.
             Was a Believer of Trog.
             Slain by a leopard gecko (4 damage)
             ... on level 3 of the Dungeon.
             The game lasted 00:03:16 (1747 turns).

Destapler the Skirmisher (Minotaur Berserker)       Turns: 1747, Time: 00:03:17

Health: -2/47      AC:  2    Str: 21    XL:     5   Next: 2%
Magic:  4/4        EV: 13    Int:  4    God:    Trog [**....]
Gold:   99         SH:  0    Dex: 11    Spells: 4/4 levels left

rFire    . . .     SeeInvis .   f - +1 dagger (drain)
rCold    . . .     Gourm    .   (no shield)
rNeg     . . .     Faith    .   b - +0 animal skin
rPois    .         Spirit   .   (helmet restricted)
rElec    .         Reflect  .   (no cloak)
rCorr    .         Harm     .   (no gloves)
MR       .....                  (no boots)
Stlth    +.........             (no amulet)
HPRegen  0.15/turn              (no ring)
MPRegen  0.09/turn              (no ring)

@: lightly drained
A: retaliatory headbutt, horns 2
a: Berserk, Trog's Hand, Renounce Religion


You were on level 3 of the Dungeon.
You worshipped Trog.
Trog was pleased with you.
You were hungry.

You visited 1 branch of the dungeon, and saw 3 of its levels.

You collected 99 gold pieces.

Inventory:

Hand Weapons
 a - a +0 falchion
 f - a +1 dagger of draining (weapon)
Missiles
 k - 26 poisoned darts (quivered)
Armour
 b - a +0 animal skin (worn)
 e - a +0 shield
Jewellery
 h - a +2 ring of protection {unknown}
Wands
 l - a wand of flame (13)
Scrolls
 d - a scroll of enchant weapon {unknown}
 g - a scroll of enchant armour {unknown}
 i - 3 scrolls of amnesia {unknown}
 m - 2 scrolls of remove curse {unknown}
 n - a scroll of magic mapping {unknown}
 q - 4 scrolls of identify {unknown}
 r - a scroll of immolation {unknown}
Potions
 j - a potion of degeneration {unknown}
 o - a potion of ambrosia {unknown}
 p - a potion of agility {unknown}
 s - a potion of magic {unknown}
Comestibles
 c - 5 rations


   Skills:
 + Level 4.4(4.3) Fighting
 - Level 3.6(3.5) Long Blades
 + Level 3.6(3.5) Armour
 + Level 3.2(3.1) Dodging
 * Level 3.2(3.1) Shields


You had 4 spell levels left.
You didn't know any spells.
Your spell library was empty.

Dungeon Overview and Level Annotations

Branches:
Dungeon (3/15)

Altars:
Okawaru


Innate Abilities, Weirdness & Mutations

You reflexively headbutt those who attack you in melee.
You have a pair of horns on your head.


Message History

Press: ? - help, Shift-Dir - straight line, f/p - orc wizard
Aim: an orc wizard, wielding a +0 dagger and wearing a cursed +0 robe (severely wounded, poisoned, heavily drained)
You throw a poisoned dart. The poisoned dart hits the orc wizard.
The orc wizard looks even sicker.
The orc wizard is severely wounded.
You hear a splash.
The leopard gecko completely misses you.
Throwing (i - inventory)
k - 27 poisoned darts (quivered)
Press: ? - help, Shift-Dir - straight line, f/p - orc wizard
Aim: an orc wizard, wielding a +0 dagger and wearing a cursed +0 robe (almost dead, poisoned, heavily drained)
You throw a poisoned dart.
The poisoned dart misses the orc wizard.
You hear a splash.
You kill the orc wizard!
Trog accepts your kill.
Trog appreciates your killing of a magic user.
You hear a splash. x2
You have reached level 5!
The leopard gecko bites you.
You die...

.....#.#..### #..#
.......#..###≈≈≈PP♣ ##.##
.....#.#..##≈≈P≈≈≈♣♣♣ #..#
.....#.#..#≈≈≈≈≈≈≈(≈♣♣♣##.##
##.....#..≈P≈PP≈≈≈(P≈≈♣≈#..#
.###.#...≈≈≈≈≈≈≈≈)≈≈≈≈P≈♣#)##
..+...♣≈≈≈P≈≈≈≈P≈≈≈≈≈P≈..#
...≈≈≈≈≈≈≈≈≈≈≈≈P≈♣..#
.(.....l@...........#
.≈.≈≈≈≈≈)≈≈≈≈≈≈≈≈♣..#
♣≈.≈P≈≈≈≈≈≈≈≈≈≈≈≈P≈##
♣≈.≈≈≈≈♣♣♣≈≈≈≈≈≈≈≈♣# P≈.P≈≈♣
♣♣♣≈≈≈≈≈≈≈# ≈≈.≈P≈ ♣≈P≈≈≈≈≈#
≈≈.≈≈≈ ♣≈≈≈≈P≈≈# ≈≈.≈≈≈
P≈♣♣≈≈♣##


You could see a leopard gecko.

Vanquished Creatures
  An orc wizard (D:3)
  Terence (D:3)
  A worker ant (D:3)
  2 adders
  A worm (D:2)
  2 dart slugs (D:1)
  4 leopard geckos (D:2)
  2 orcs (D:3)
  2 giant cockroaches (D:2)
  5 goblins
  A hobgoblin (D:2)
  2 jackals (D:2)
  2 ball pythons
  3 bats
  2 frilled lizards
  2 kobolds (D:2)
  6 rats
39 creatures vanquished.

Notes
Turn   | Place    | Note
-------+----------+-------------------------------------------
     0 | D:1      | Destapler the Minotaur Berserker began the quest for the
                  | Orb.
     0 | D:1      | Reached XP level 1. HP: 19/19 MP: 0/0
   197 | D:1      | Reached XP level 2. HP: 27/27 MP: 1/1
   836 | D:2      | Reached skill level 1 in Shields
  1044 | D:2      | Found an iron altar of Okawaru.
  1075 | D:2      | Reached skill level 4 in Fighting
  1120 | D:2      | Reached ** piety under Trog
  1135 | D:2      | Reached XP level 3. HP: 10/33 MP: 2/2
  1692 | D:3      | Reached XP level 4. HP: 40/40 MP: 3/3
  1708 | D:3      | Noticed Terence
  1716 | D:3      | Killed Terence
  1745 | D:3      | HP: 2/41 [leopard gecko (2)]
  1747 | D:3      | Reached XP level 5. HP: 2/47 MP: 4/4
  1747 | D:3      | Slain by a leopard gecko

Levels and vault maps discovered:
D:1:      minmay_arrival_solitary_statue, layout_basic
D:2:      layout_loops_ring, chequers_serial_rivers_large_b,
          hangedman_feature_mirror, minmay_fountain_box, okawaru_gym_becter
D:3:      layout_basic, serial_bayou, serial_bayou_crossing,
          serial_bayou_pond_a, serial_bayou_pond_c, serial_bayou_lagoon_b,
          kennysheep_generic_room_15, uniq_terence

Skill      XL: |  1  2  3  4 |
---------------+-------------+-----
Shields        | 1 2 3 |  3.2
Fighting       | 4 |  4.4
Armour         | 3 |  3.6
Dodging        | 3 |  3.2
Long Blades    | |  3.6

Action                   |  1- 3 |  4- 6 || total
-------------------------+-------+-------++-------
Melee: Falchion          |     9 |       ||     9
       Headbutt          |     8 |     4 ||    12
       Dagger            |    57 |    14 ||    71
Throw: Dart              |       |     4 ||     4
  Eat: Chunk             |     2 |       ||     2
Armor: Animal skin       |     7 |       ||     7
Dodge: Dodged            |    32 |     4 ||    36
       Rpst.: Falchion   |     2 |       ||     2
